 Dungeon Crawl Stone Soup version 0.23.0-3-gf3c87f2 (webtiles) character file.

Game seed: 13737523799116588592

269 wolfsongas the Magician (level 6, -3/44 HPs)
             Began as a Gnoll Wizard on Feb 23, 2019.
             Was an Initiate of Ashenzari.
             Slain by a gnoll
             ... wielding a +0 spear
              (4 damage)
             ... on level 4 of the Dungeon.
             The game lasted 00:07:04 (3353 turns).

wolfsongas the Magician (Gnoll Wizard)              Turns: 3353, Time: 00:07:05

Health: -3/44      AC:  3    Str:  7    XL:     6   Next: 22%
Magic:  8/16       EV: 14    Int: 27    God:    Ashenzari [......]
Gold:   90         SH:  0    Dex: 14    Spells: 8/19 levels left

rFire    . . .     SeeInvis .   j - +4 quarterstaff
rCold    . . .     Gourm    .   (shield currently unavailable)
rNeg     . . .     Faith    .   o - +0 leather armour
rPois    .         Spirit   .   b - +0 hat
rElec    .         Reflect  .   (no cloak)
rCorr    .         Harm     .   (no gloves)
MR       .....     Rnd*Tele +   (no boots)
Stlth    +++.......             (no amulet)
HPRegen  0.14/turn              l - ring of flight
MPRegen  0.15/turn              (no ring)

@: brilliant, very slightly contaminated, invisible
A: distributed training, fangs 1, talons 1, teleportitis 1, weak 1, strong nose
a: Curse Item, Renounce Religion, Evoke Flight


You were on level 4 of the Dungeon.
You worshipped Ashenzari.
Ashenzari was noncommittal.
You were not hungry.

You visited 1 branch of the dungeon, and saw 4 of its levels.

You collected 90 gold pieces.

Inventory:

Hand Weapons
 e - a +2 short sword of protection
 j - a +4 quarterstaff (weapon)
Armour
 a - a +0 robe
 b - a +0 hat (worn)
 o - a +0 leather armour (worn)
Jewellery
 l - a ring of flight (left hand)
 p - an uncursed ring of positive energy
Scrolls
 f - 3 scrolls of teleportation
 i - 3 scrolls of fear
 k - 2 scrolls of remove curse
Potions
 c - 3 potions of flight
Comestibles
 d - 6 rations


   Skills:
 + Level 1.8 Fighting
 + Level 1.8 Short Blades
 + Level 1.8 Long Blades
 + Level 1.8 Axes
 + Level 1.8 Maces & Flails
 + Level 1.8 Polearms
 + Level 1.8 Staves
 + Level 1.8 Slings
 + Level 1.8 Bows
 + Level 1.8 Crossbows
 + Level 1.8 Throwing
 + Level 1.8 Armour
 + Level 4.9 Dodging
 + Level 4.5 Stealth
 + Level 1.8 Shields
 + Level 1.8 Unarmed Combat
 + Level 7.4 Spellcasting
 + Level 2.5 Conjurations
 + Level 1.4 Hexes
 + Level 1.4 Charms
 + Level 2.5 Summonings
 + Level 1.4 Necromancy
 + Level 2.5 Translocations
 + Level 1.4 Transmutations
 + Level 1.4 Fire Magic
 + Level 1.4 Ice Magic
 + Level 1.4 Air Magic
 + Level 1.4 Earth Magic
 + Level 1.4 Poison Magic
 + Level 2.0 Invocations
 + Level 1.8 Evocations


You had 8 spell levels left.
You knew the following spells:

 Your Spells              Type           Power        Failure   Level  Hunger
a - Magic Dart            Conj           ####         1%          1    None
b - Call Imp              Summ           #####...     1%          2    None
c - Blink                 Tloc           N/A          1%          2    None
d - Mephitic Cloud        Conj/Pois/Air  #####...     1%          3    None
e - Conjure Flame         Conj/Fire      #####...     1%          3    None

Your spell library contained the following spells:

 Spells                   Type           Power        Failure   Level  Hunger
 Slow                     Hex            ####....     1%          2    None


Dungeon Overview and Level Annotations

Branches:
Dungeon (4/15)             Temple (0/1) D:4

Altars:
Ashenzari
Dithmenos
Gozag
Sif Muna
Zin
The Shining One

Shops:
D:4 (*


Innate Abilities, Weirdness & Mutations

Your experience applies equally to all skills.
You have very sharp teeth.
Your uncanny sense of smell can sniff out nearby items.
You have sharp toenails.
You are occasionally teleported next to monsters.
You are weak. (Str -2)


Message History

The gnoll closely misses you. The gnoll hits you with a +0 club!
* * * LOW HITPOINT WARNING * * *
It was a potion of mutation.
You feel extremely strange.
You feel weirdly uncertain.
You feel weaker.
Your toenails lengthen and sharpen.
The gnoll barely misses you. The gnoll misses you.
You fade into invisibility!
The gnoll closely misses you. The gnoll barely misses you.
You are very lightly contaminated with residual magic.
It was a potion of brilliance.
You feel clever all of a sudden. The gnoll misses you.
The gnoll hits you from afar with a +0 spear.
* * * LOW HITPOINT WARNING * * *
You sock the gnoll!
You kill the gnoll!
You barely miss the gnoll. You claw the gnoll. Your bite misses the gnoll.
The gnoll is moderately wounded.
The gnoll hits you with a +0 spear.
You die...

.......###.#.#.#.# ##..
#.........#..#.#.#.. ##..
..............#.#...
###..#
...........†........∆
###.....
.............######.
###...###. ............##
#.####...### #
............####
#......###
...........#...#####...###
..........####gg@....###
.........## #####..###
........## #∩##...##
........# #'#.....#
.......## ##.......#
......# ##......#.# .....#
##.......#.## ##.##
##.......##..####
##........###.##.##


You could see 2 gnolls.

Vanquished Creatures
  A hound (D:3)
  A worker ant (D:4)
  3 gnolls
  6 adders
  An ooze (D:1)
  A worm (D:2)
  3 dart slugs (D:1)
  A leopard gecko (D:2)
  4 orcs (D:3)
  2 ball pythons
  10 bats
  3 giant cockroaches
  7 goblins
  6 hobgoblins
  13 jackals
  A quokka (D:2)
  6 frilled lizards
  6 kobolds
  6 rats
81 creatures vanquished.

Vanquished Creatures (collateral kills)
  6 gnolls
  An adder skeleton (D:4)
7 creatures vanquished.

Grand Total: 88 creatures vanquished

Notes
Turn   | Place    | Note
-------+----------+-------------------------------------------
     0 | D:1      | wolfsongas the Gnoll Wizard began the quest for the Orb.
     0 | D:1      | Reached XP level 1. HP: 13/13 MP: 8/8
    45 | D:1      | Reached XP level 2. HP: 16/20 MP: 0/10
   310 | D:1      | Reached XP level 3. HP: 25/25 MP: 5/11
   338 | D:1      | Learned a level 2 spell: Call Imp
   402 | D:1      | Learned a level 2 spell: Blink
   406 | D:1      | Learned a level 3 spell: Mephitic Cloud
   417 | D:1      | Learned a level 3 spell: Conjure Flame
   975 | D:2      | Reached skill level 1 in Invocations
  1159 | D:2      | Reached skill level 1 in Fighting
  1159 | D:2      | Reached skill level 1 in Short Blades
  1159 | D:2      | Reached skill level 1 in Long Blades
  1159 | D:2      | Reached skill level 1 in Axes
  1159 | D:2      | Reached skill level 1 in Maces & Flails
  1159 | D:2      | Reached skill level 1 in Polearms
  1159 | D:2      | Reached skill level 1 in Staves
  1159 | D:2      | Reached skill level 1 in Slings
  1159 | D:2      | Reached skill level 1 in Bows
  1159 | D:2      | Reached skill level 1 in Crossbows
  1159 | D:2      | Reached skill level 1 in Throwing
  1159 | D:2      | Reached skill level 1 in Armour
  1159 | D:2      | Reached skill level 1 in Shields
  1159 | D:2      | Reached skill level 1 in Unarmed Combat
  1159 | D:2      | Reached skill level 1 in Evocations
  1159 | D:2      | Reached XP level 4. HP: 32/32 MP: 8/13
  1647 | D:2      | Found a shattered altar of Ashenzari.
  1660 | D:2      | Reached skill level 1 in Hexes
  1660 | D:2      | Reached skill level 1 in Charms
  1660 | D:2      | Reached skill level 1 in Necromancy
  1660 | D:2      | Reached skill level 1 in Transmutations
  1660 | D:2      | Reached skill level 1 in Fire Magic
  1660 | D:2      | Reached skill level 1 in Ice Magic
  1660 | D:2      | Reached skill level 1 in Air Magic
  1660 | D:2      | Reached skill level 1 in Earth Magic
  1660 | D:2      | Reached skill level 1 in Poison Magic
  1766 | D:2      | Became a worshipper of Ashenzari the Shackled
  1832 | D:2      | Found a deep blue altar of Sif Muna.
  1964 | D:2      | Reached XP level 5. HP: 37/37 MP: 10/14
  2330 | D:3      | Found a glowing golden altar of the Shining One.
  2523 | D:3      | Found a shadowy altar of Dithmenos.
  2845 | D:3      | Found a glowing silver altar of Zin.
  2845 | D:3      | Found an opulent altar of Gozag.
  3108 | D:4      | Found Wammaom's Assorted Antiques.
  3124 | D:4      | Reached XP level 6. HP: 35/44 MP: 5/16
  3278 | D:4      | Found Ockaill's Antique Weapon Emporium.
  3291 | D:4      | Found a staircase to the Ecumenical Temple.
  3349 | D:4      | Gained mutation: You are occasionally teleported next to
                  | monsters. [potion of mutation]
  3349 | D:4      | Gained mutation: You are weak. (Str -2) [potion of
                  | mutation]
  3349 | D:4      | Gained mutation: You have sharp toenails. [potion of
                  | mutation]
  3351 | D:4      | HP: 1/44 [gnoll/+0 spear (3)]
  3353 | D:4      | Slain by a gnoll

Skill      XL: |  1  2  3  4  5  6 |
---------------+-------------------+-----
Conjurations   | 2 |  2.5
Summonings     | 2 |  2.5
Translocations | 2 |  2.5
Invocations    | 1 2 |  2.0
Fighting       | 1 |  1.8
Short Blades   | 1 |  1.8
Long Blades    | 1 |  1.8
Axes           | 1 |  1.8
Maces & Flails | 1 |  1.8
Polearms       | 1 |  1.8
Staves         | 1 |  1.8
Slings         | 1 |  1.8
Bows           | 1 |  1.8
Crossbows      | 1 |  1.8
Throwing       | 1 |  1.8
Armour         | 1 |  1.8
Shields        | 1 |  1.8
Unarmed Combat | 1 |  1.8
Evocations     | 1 |  1.8
Hexes          | 1 |  1.4
Charms         | 1 |  1.4
Necromancy     | 1 |  1.4
Transmutations | 1 |  1.4
Fire Magic     | 1 |  1.4
Ice Magic      | 1 |  1.4
Air Magic      | 1 |  1.4
Earth Magic    | 1 |  1.4
Poison Magic   | 1 |  1.4
Dodging        | |  4.9
Stealth        | |  4.5
Spellcasting   | |  7.4

Action                   |  1- 3 |  4- 6 || total
-------------------------+-------+-------++-------
Melee: Unarmed           |     1 |       ||     1
       Short sword       |       |     8 ||     8
       Bite              |       |     2 ||     2
       Quarterstaff      |       |    28 ||    28
       Kick              |       |     1 ||     1
 Cast: Magic Dart        |    67 |   135 ||   202
       Call Imp          |       |    10 ||    10
       Mephitic Cloud    |       |     1 ||     1
  Use: Scroll            |     2 |     3 ||     5
       Potion            |       |     5 ||     5
  Eat: Ration            |     1 |     1 ||     2
Armor: Robe              |     7 |     8 ||    15
       Leather armour    |       |     3 ||     3
Dodge: Dodged            |    20 |    59 ||    79
